[Event "Championnat du monde jeunes U10"]
[Date "2024.11.17"]
[White "Bolashakov, Nurali"]
[Black "Anetov, Amirzhan"]
[WhiteElo "2005"]
[BlackElo "1767"]
[Round "3.8"]
[Result "1/2-1/2"]
[TimeControl "5400+30"]

1. e4 c5 2. Nf3 d6 3. d4 cxd4 4. Nxd4 Nf6 5. Nc3 a6 6. h3 e6 7. g4 Be7 8. g5 Nfd7 9. Be3 b5 10. a3 Bb7 11. Qd2 Nc6 12. Nxc6 Bxc6 13. h4 Rb8 14. f3 h6 15. gxh6 Bxh4+ 16. Ke2 Ne5 17. hxg7 Rg8 18. Bd4 Bf6 19. Qh6 Bxg7 20. Qh7 Kf8 21. Qh4 Qxh4 22. Rxh4 Bf6 23. Rh1 Ke7 24. Nd1 Rg3 25. Rh3 Rbg8 26. Rxg3 Rxg3 27. Ne3 Bg5 28. Bxe5 dxe5 29. Kf2 Bf4 30. Ng2 f5 31. Nxf4 exf4 32.
Bd3 fxe4 33. fxe4 Rh3 34. Rg1 Kf6 35. Rg4 Ke5 36. Rg5+ Kd6 37. Rg4 e5 38. Rg6+ Kd7 39. Rg5 1/2-1/2

[Variant "Standard"]
[Site "Europe Echecs"]

[Event "Championnat du monde jeunes U10"]
[Date "2024.11.17"]
[White "Zhou, Guoyu"]
[Black "Ivanovic, Leonid"]
[WhiteElo "1809"]
[BlackElo "1990"]
[Round "3.9"]
[Result "1-0"]
[TimeControl "5400+30"]

1. d4 Nf6 2. c4 e6 3. Nc3 Bb4 4. Bg5 h6 5. Bxf6 Qxf6 6. Nf3 c5 7. e3 O-O 8. Be2 Nc6 9. O-O d6 10. Ne4 Qe7 11. Rc1 f5 12. Ng3 e5 13. d5 Nb8 14. a3 Ba5 15. Qa4 Bd8 16. b4 e4 17. Nd2 Nd7 18. Qc2 a5 19. bxc5 Nxc5 20. Nb3 Bb6 21. Nd4 f4 22. exf4 Rxf4 23. Rb1 Ra6 24. Qd2 Qe5 25. Nc2 Bd8 26. Ne3 Bg5 27. Qb2 Qxb2 28. Rxb2 Bd7 29. Rfb1 Kf8 30. Rxb7 Nxb7 31. Rxb7 Be8 32. Rb8 Kf7 33. c5 Ra7 34. c6 Rc7 35. Bh5+ g6 36. Bxg6+ Kxg6 37. Rxe8 Rff7 38. Nxe4 Be7 39. Rg8+ Kh7 40. Ra8 Kg7 1-0

[Variant "Standard"]
[Site "Europe Echecs"]

[Event "Championnat du monde jeunes U10"]
[Date "2024.11.17"]
[White "Azimov, Yasin"]
[Black "Advik Amit Agrawal"]
[WhiteElo "1759"]
[BlackElo "1982"]
[Round "3.10"]
[Result "0-1"]
[TimeControl "5400+30"]

1. d4 e6 2. c4 Nf6 3. Nf3 d5 4. g3 Bb4+ 5. Nbd2 dxc4 6. Qa4+ Nc6 7. a3 Bxd2+ 8. Bxd2 Qd5 9. Bc3 b5 10. Qd1 Bb7 11. Bg2 Qd6 12. O-O O-O 13. Qc2 a5 14. e4 Nd7 15. e5 Qe7 16. Bd2 h6 17. a4 bxa4 18. Qxc4 Nb6 19. Qc2 Nb4 20. Bxb4 axb4 21. Ng5 hxg5 22. Bxb7 Ra5 23. Bc6 Rd8 24. Rfd1 a3 25. bxa3 Rxa3 26. Rxa3 bxa3 27. Qc3 Nd5 28. Bxd5 Rxd5 29. Ra1 Qd8 30. Qxa3 Rxd4 31. Qa8 c5 32. Kg2 g4 33. h3 gxh3+ 34. Kxh3 Rd1 35. f4 Qxa8 36.
Rxa8+ Kh7 37. Rc8 Rc1 38. Kg4 Rc3 39. Rc7 Kg6 40. Rc6 Rc4 41. Rc8 f6 42. exf6 gxf6 43. Rc7 Rc3 44. Re7 f5+ 45. Kh3 Kf6 46. Rc7 Rc2 47. Rb7 c4 48. Rc7 c3 49. Rb7 Kg6 50. Rc7 Kf6 51. Rb7 Rf2 52. Rc7 c2 53. g4 Rf3+ 54. Kg2 fxg4 55. Rxc2 Rxf4 56. Kg3 Kf5 57.
Rc8 Rf3+ 58. Kg2 e5 59. Rf8+ Ke4 60. Rg8 g3 61. Rg4+ Ke3 62. Rg8 e4 63. Re8 Rf7 64. Kxg3 Rg7+ 65. Kh2 Kf2 66. Rf8+ Ke2 67. Ra8 e3 68. Ra2+ Kf3 69. Ra8 e2 70. Rf8+ Ke3 71. Re8+ Kf2 72. Rf8+ Ke1 73. Re8 Rd7 74. Ra8 Kd2 0-1

[Variant "Standard"]
[Site "Europe Echecs"]

[Event "Championnat du monde jeunes U10"]
[Date "2024.11.17"]
[White "Anand, Tsogtbileg"]
[Black "Babeikin, Kiryl"]
[WhiteElo "1974"]
[BlackElo "1721"]
[Round "3.11"]
[Result "1-0"]
[TimeControl "5400+30"]

1. d4 d5 2. c4 e6 3. g3 Nf6 4. Bg2 Be7 5. Nf3 O-O 6. O-O dxc4 7. Ne5 Nc6 8. Bxc6 bxc6 9. Nxc6 Qe8 10. Nxe7+ Qxe7 11. Qa4 e5 12. dxe5 Qxe5 13. Qxc4 Be6 14. Qc2 Bf5 15. Qd2 Bxb1 16. Rxb1 Rfe8 17. Re1 Qf5 18. Ra1 Qh3 19. f3 Rad8 20. Qc2 Nh5 21. g4 Qh4 22. Bd2 Nf6 23. Bf4 h5 24. Bg3 Qh3 25. g5 Nd5 26. e4 Nb4 27. Qe2 h4 28. Bxc7 Rd7 29. Rec1 Nd5 30. Ba5 Nf4 31. Qf1 Qe6 32. Kh1 Qe5 33. Bc3 Qxg5 34. Qg1 Qh6 35. Qg4 Rd6 36. Bxg7 Qxg7 37. Qxf4 Rg6 38. Rg1 Ree6 39. b3 Qc3 40. Rac1 Qd3 41. Rgd1 Qa6 42. Qxh4 Rh6 43. Rg1+ Kh7 44. Qf4 Ref6 45. Qe3 Rh5 46. e5 Rff5 47. e6 Qd6 48. Rc2 fxe6 49. Qxa7+ Kh6 50. Qg7# 1-0

[Variant "Standard"]
[Site "Europe Echecs"]

[Event "Championnat du monde jeunes U10"]
[Date "2024.11.17"]
[White "Vardanyan, Armen Art."]
[Black "Zhauynbay, Alimzhan"]
[WhiteElo "1735"]
[BlackElo "1953"]
[Round "3.12"]
[Result "0-1"]
[TimeControl "5400+30"]

1. d4 Nf6 2. c4 g6 3. Nc3 Bg7 4. e4 d6 5. Nf3 O-O 6. Be2 e5 7. O-O Nc6 8. d5 Ne7 9. Ne1 a5 10. a3 a4 11. f3 Bd7 12. Be3 b6 13. Qd2 Nh5 14. g4 Nf4 15. Bxf4 exf4 16. Qxf4 f5 17. Qe3 fxe4 18. fxe4 Rxf1+ 19. Kxf1 h6 20. h3 g5 21. Kg1 Ng6 22. Ng2 Be5 23. Bd3 Qf6 24. Rf1 Qg7 25. Ne2 Bxb2 26. Bb1 Ne5 27. Ba2 Rf8 28. Rxf8+ Qxf8 29. Ne1 Qf6 30. Kg2 Bc8 31. c5 bxc5 32. Nd3 Ng6 33. e5 Bxe5 34. Nxe5 Qxe5 35. Qd3 Nh4+ 36. Kg1 Qa1+ 37. Bb1 Qg7 38. Qe4 Bd7 39. Bc2 Qf7 40. Ng3 Qg7 41. Ne2 Kf8 42. Bxa4 Qa1+ 43. Kf2 Qf6+ 44. Kg1 Nf3+ 45. Kg2 Nd2 46. Qe3 Qf1+ 47. Kh2 Nf3+ 48. Kg3 Nh4 49. Qf2+ Qxf2+ 50. Kxf2 Bxa4 51.
Nc3 Bb3 52. a4 Ke7 53. Ke3 Bc4 54. Ke4 Ng6 55. a5 Ne5 56. Nd1 c6 57. dxc6 Nxc6 58. Ne3 Nxa5 59. Nf5+ Ke6 60. Nxh6 d5+ 61. Ke3 d4+ 62. Kd2 Nb3+ 63. Kd1 Bd3 64. Ng8 c4 65. Nh6 c3 0-1

[Variant "Standard"]
[Site "Europe Echecs"]

[Event "Championnat du monde jeunes U10"]
[Date "2024.11.17"]
[White "Mirzhanov, Arlan"]
[Black "Andre, Tomas"]
[WhiteElo "1721"]
[BlackElo "1928"]
[Round "3.13"]
[Result "1/2-1/2"]
[TimeControl "5400+30"]

1. e4 c5 2. Nf3 Nc6 3. d4 cxd4 4. Nxd4 e5 5. Nb5 d6 6. c4 Be6 7. N1c3 a6 8. Na3 Nf6 9. Bd3 Be7 10. O-O O-O 11. Nc2 Rc8 12. Nd5 Nd7 13. b4 Bg5 14. Ba3 Bxd5 15. cxd5 Ne7 16. Bc1 Ng6 17. g3 Nb6 18. Qg4 Bxc1 19. Rfxc1 Rc3 20. Bf1 Qc7 21. Qd1 Rc8 22. Bh3 Nd7 23. Bxd7 Qxd7 24. Ne3 Qb5 25. a3 Ne7 26. Qd2 Rxc1+ 27. Rxc1 Qd7 28. Rxc8+ Nxc8 29. Qc2 Ne7 30. a4 g6 31. g4 Kg7 32. f3 Qd8 33. a5 Nc8 34. Nc4 Na7 35. Qf2 Nb5 36. f4 Qc7 37. fxe5 Qxc4 1/2-1/2

[Variant "Standard"]
[Site "Europe Echecs"]

[Event "Championnat du monde jeunes U10"]
[Date "2024.11.17"]
[White "Larion, Iustin"]
[Black "Burba, Mikita"]
[WhiteElo "1925"]
[BlackElo "1528"]
[Round "3.14"]
[Result "1/2-1/2"]
[TimeControl "5400+30"]

1. e4 c5 2. c3 d5 3. exd5 Qxd5 4. d4 Nf6 5. Nf3 Bg4 6. Be2 e6 7. Be3 cxd4 8. cxd4 Be7 9. Nc3 Qd8 10. Qb3 Qc8 11. Rc1 O-O 12. O-O Bd6 13. Nb5 Qd8 14. Nxd6 Qxd6 15. h3 Bh5 16. Qxb7 Nbd7 17. Qa6 Qb4 18. Ne5 Bxe2 19. Qxe2 Nb6 20. a3 Qe7 21. b4 Nbd5 22. Bg5 h6 23. Bh4 Qb7 24. Qf3 Qb6 25. Rc5 Kh7 26. Rfc1 Kg8 27. Bxf6 Nxf6 28. Qc6 Rfd8 29. g3 Nd5 30. Rb5 Qxd4 31. Nf3 Qe4 32. Nd2 Qd3 33. Nf1 Qxa3 34. Re1 Qf3 35. Rc5 Qf6 36. b5 Qd4 37. Rcc1 Nb4 38. Qc4 Nd3 39. Qxd4 Rxd4 40. Red1 Rd5 41. Rc7 Nf4 42. Rxd5 Nxd5 43. Rb7 a5 44. bxa6 Rxa6 45. h4 g6 46. Rb3 Kg7 47. Ne3 Ne7 48. Rb7 Nc6 49. Kg2 h5 50. Rc7 Ne5 51. Rc5 Nd3 52. Rc3 Ne5 53. Rc5 Nd7 54. Rb5 Kf6 55. Rb2 Rc6 56. Ra2 Ke5 57. Ra7 Kd6 58. Ra8 Rc7 59. Ra6+ Ke5 60. Ra5+ Nc5 61. Ra2 f6 62. Ra8 Rg7 1/2-1/2

[Variant "Standard"]
[Site "Europe Echecs"]

[Event "Championnat du monde jeunes U10"]
[Date "2024.11.17"]
[White "Kostyukovich, Ivan"]
[Black "Nguyen Quang Anh"]
[WhiteElo "1489"]
[BlackElo "1889"]
[Round "3.15"]
[Result "1/2-1/2"]
[TimeControl "5400+30"]

1. d4 c5 2. d5 e6 3. c4 Nf6 4. Nc3 exd5 5. cxd5 d6 6. e4 g6 7. f4 Bg7 8. Bb5+ Nfd7 9.
a4 O-O 10. Nf3 Na6 11. O-O Nc7 12. Re1 Nxb5 13. Nxb5 Nf6 14. Bd2 Re8 15. Qc2 Bg4 16. e5 dxe5 17. Nxe5 Bf5 18. Qxc5 Bf8 19. Qd4 Qxd5 20. Qxd5 Nxd5 21. Nc4 Bc5+ 22. Kh1 Rad8 23. Rxe8+ Rxe8 24. Nbd6 Bxd6 25. Nxd6 Re2 26. Nxf5 Rxd2 27. Nh4 Rxb2 28. f5 Nc3 29. fxg6 fxg6 30. a5 Rb1+ 31. Rxb1 Nxb1 32. Nf3 Kf7 33.
Ng5+ Ke7 34. Nxh7 Na3 35. Ng5 Nc4 36. Nf3 Nxa5 37. Ne5 Kf6 38. Nd7+ Ke6 39. Nc5+ Kd5 40. Nd3 b5 41. h4 Ke4 42. Nc5+ Kf5 43. Nd3 Kg4 44. Ne5+ Kxh4 45. Nxg6+ Kg5 46. Ne5 b4 47. Nd3 b3 48. Nb2 Nb7 49. Kg1 Nc5 50. Kf2 a5 51. Ke2 a4 52. Nc4 Kf4 53. Kd2 Ne4+ 54. Kd3 Kf5 55. Na3 Ke5 56. Kc4 Kd6 57. Kb4 Nc5 58. g4 Kd5 59. g5 Ke5 1/2-1/2

[Variant "Standard"]
[Site "Europe Echecs"]

[Event "Championnat du monde jeunes U10"]
[Date "2024.11.17"]
[White "Llari, Marc"]
[Black "Guntaka, Aayansh"]
[WhiteElo "2201"]
[BlackElo "1798"]
[Round "3.16"]
[Result "1-0"]
[TimeControl "5400+30"]

1. d4 d5 2. c4 e6 3. Nc3 c6 4. e4 dxe4 5. Nxe4 Bb4+ 6. Bd2 Qxd4 7. Bxb4 Qxe4+ 8. Be2 a5 9. Bd6 Qxg2 10. Bf3 Qg5 11. Ne2 Qf6 12. Nc3 Qd8 13. Qd2 Ne7 14. O-O-O f6 15. Bh5+ g6 16. Qh6 Bd7 17. Qg7 Rg8 18. Qxh7 gxh5 19. Ne4 Rg6 20. Rhg1 f5 21. Rxg6 fxe4 22. Rg8+ Nxg8 23. Qg6# 1-0

[Variant "Standard"]
[Site "Europe Echecs"]

[Event "Championnat du monde jeunes U10"]
[Date "2024.11.17"]
[White "Akramov, Khusan"]
[Black "Kolodziejczyk, Boris"]
[WhiteElo "1782"]
[BlackElo "2115"]
[Round "3.17"]
[Result "0-1"]
[TimeControl "5400+30"]

1. e4 c5 2. Nf3 Nc6 3. Bb5 g6 4. O-O Bg7 5. c3 Nf6 6. Re1 O-O 7. d4 a6 8. Bf1 cxd4 9. cxd4 d5 10. e5 Ne4 11. h3 Qb6 12. Nc3 Rd8 13. Na4 Qc7 14. Bf4 b5 15. Nc3 Nxc3 16. bxc3 Na5 17. a4 Bd7 18. e6 Qxf4 19. exd7 Rxd7 20. axb5 axb5 21. Bxb5 Rda7 22. Ne5 Bxe5 23. Rxe5 e6 24. g3 Qf6 25. Re2 Qd8 26. Rea2 Qb6 27. Rb1 Qc7 28. Qd3 Nb7 29. Rxa7 Rxa7 30. c4 dxc4 31. Qxc4 Qxc4 32. Bxc4 Nd6 33. Be2 Ra4 34. Rd1 Nf5 35. d5 Nd4 36. d6 Nxe2+ 37. Kf1 Nxg3+ 38. fxg3 Ra8 39. Ke2 Kf8 40. Ke3 Ke8 41. Kd4 Ra5 42. Kc4 Kd7 43. Rd3 Ra6 44. Kc5 Rc6+ 45. Kb5 Rxd6 46. Ra3 e5 47. Kc5 Ke6 48. Ra1 Rd3 49. Rg1 f5 50. Kc4 Rf3 0-1

[Variant "Standard"]
[Site "Europe Echecs"]

[Event "Championnat du monde jeunes U10"]
[Date "2024.11.17"]
[White "Deepak Ambattu, Rithvik"]
[Black "Blekh, Erik"]
[WhiteElo "2063"]
[BlackElo "1790"]
[Round "3.18"]
[Result "1-0"]
[TimeControl "5400+30"]

1. e4 c5 2. Nf3 d6 3. d4 cxd4 4. Nxd4 Nf6 5. Nc3 g6 6. Be3 Bg7 7. f3 Nc6 8. Qd2 O-O 9. O-O-O d5 10. exd5 Nxd5 11. Nxc6 bxc6 12. Bd4 Bxd4 13. Qxd4 Qb6 14. Na4 Qc7 15. Bc4 Rd8 16. Nc5 Bf5 17. Bb3 a5 18. g4 Be6 19. Nxe6 fxe6 20. Qe4 Rd6 21. h4 Rf8 22. h5 Rf4 23. Qe5 Rf6 24. hxg6 Rxg6 25. g5 a4 26. Bc4 a3 27. Bd3 Nb4 28. Rxh7 Nxd3+ 29. cxd3 Kf8 30. Qf4+ Ke8 31.
Qf7+ Kd8 32. Qf8+ Kd7 33. Rxe7# 1-0

[Variant "Standard"]
[Site "Europe Echecs"]

[Event "Championnat du monde jeunes U10"]
[Date "2024.11.17"]
[White "Shangin, Lev"]
[Black "Santoro, Marco Antonio"]
[WhiteElo "2056"]
[BlackElo "1765"]
[Round "3.19"]
[Result "1-0"]
[TimeControl "5400+30"]

1. d4 d6 2. Nf3 Nf6 3. c4 Nbd7 4. Nc3 e5 5. e4 h6 6. Be2 Be7 7. O-O c6 8. Qc2 Qc7 9. Rd1 g5 10. b3 Nf8 11. Ba3 Ng6 12. c5 dxc5 13. dxe5 Nxe5 14. Nxe5 Qxe5 15. Bb2 Qc7 16. e5 Ng4 17. Ne4 Rg8 18. Nd6+ Bxd6 19. exd6 Qd7 20. h3 Nxf2 21. Kxf2 Qf5+ 22. Qxf5 Bxf5 23. Bc4 O-O-O 24.
Bf6 Rd7 25. g4 Be6 26. Bxe6 fxe6 27.
Be7 b6 28. Ke3 Kb7 29. Ke4 a5 30. Ke5 Rg6 31. Rf1 Ka6 32. Rf6 Rg7 33. Kxe6 Ra7 34. d7 Ra8 35. d8=Q Rxd8 36. Bxd8 Kb5 37. Rf7 Rg6+ 38. Bf6 Rg8 39. Rh7 Kb4 40. Rxh6 b5 41. Kf5 Ka3 42. Bxg5 Kb2 43. Bf6+ Ka3 44. g5 b4 45. g6 a4 46. bxa4 Kxa4 47. g7 c4 48. Rh8 Rxg7 49. Bxg7 c5 50. Ra8+ Kb5 51. Rd1 c3 52. h4 Kc4 53. h5 b3 54. axb3+ Kxb3 55. h6 Kc2 56. Raa1 c4 57. h7 Kb2 58. h8=Q Kc2 59. Qh2+ Kb3 60. Rdb1# 1-0

[Variant "Standard"]
[Site "Europe Echecs"]

[Event "Championnat du monde jeunes U10"]
[Date "2024.11.17"]
[White "Zhou, Martin"]
[Black "Ling, Chenxuan"]
[WhiteElo "1776"]
[BlackElo "1967"]
[Round "3.20"]
[Result "0-1"]
[TimeControl "5400+30"]

1. e4 c5 2. Nc3 Nc6 3. g3 g6 4. Bg2 Bg7 5. d3 d6 6. Be3 Rb8 7. Nge2 e6 8. O-O Nge7 9. Qd2 O-O 10. f4 b5 11. e5 f5 12. Rad1 Ba6 13. Rfe1 Qc7 14. exd6 Qxd6 15. d4 b4 16. Na4 Bxe2 17. Rxe2 cxd4 18. c3 Rfd8 19. cxd4 Nxd4 20. Ree1 Qa6 21. Qf2 Qxa4 22. Bxd4 Rd6 23. Bxa7 Rxd1 24. Bxb8 Bd4 25. Qxd4 Rxd4 26. Rxe6 Rd1+ 27. Bf1 Qb5 0-1

[Variant "Standard"]
[Site "Europe Echecs"]

[Event "Championnat du monde jeunes U10"]
[Date "2024.11.17"]
[White "Fuentes de Nova, Sebastian"]
[Black "Otetileu, Amanbek"]
[WhiteElo "1929"]
[BlackElo "1632"]
[Round "3.21"]
[Result "1/2-1/2"]
[TimeControl "5400+30"]

1. d4 d5 2. c4 e6 3. Nc3 Nf6 4. cxd5 exd5 5. Bg5 Be7 6. e3 c6 7. Qc2 O-O 8. Bd3 h6 9. Bh4 Re8 10. Nf3 Ne4 11. Bxe7 Qxe7 12. O-O Nd7 13. Rab1 Nf8 14. Ne5 f6 15. Nxe4 fxe5 16. Ng3 exd4 17. exd4 Qf6 18. Qc3 Ne6 19. Rbe1 Bd7 20. Bf5 Nf8 21. Qd3 Bxf5 22. Nxf5 Ng6 23. g3 Rxe1 24. Rxe1 Rf8 25. g4 Nh4 26. Re5 g6 27. Nxh4 Qxf2+ 28. Kh1 Qxh4 29. Qxg6+ Kh8 30. Re8 Rxe8 31. Qxe8+ Kg7 32. Qd7+ Kg6 33. Qe6+ Kg7 34. Qe5+ Kg6 35. Qe6+ Kg7 36. Kg2 a5 37. h3 Qf6 38. Qxf6+ Kxf6 39. h4 b6 40. Kf3 c5 41. Ke3 a4 42. Kd3 Ke6 43. Kc3 Kd6 44. b4 axb3 45. Kxb3 c4+ 46. Kb4 Ke6 47. Kc3 1/2-1/2

[Variant "Standard"]
[Site "Europe Echecs"]

[Event "Championnat du monde jeunes U10"]
[Date "2024.11.17"]
[White "Meitzner, Jonathan Franz"]
[Black "Mikkelsen, Anders Askjaer"]
[WhiteElo "1876"]
[BlackElo "1745"]
[Round "3.22"]
[Result "0-1"]
[TimeControl "5400+30"]

1. d4 Nf6 2. Nd2 e6 3. Ngf3 c5 4. e3 d5 5. Be2 Nc6 6. O-O Bd6 7. b3 O-O 8. Bb2 Re8 9. Ne5 Qc7 10. f4 Qb6 11. Ndf3 Nd7 12. Kh1 f6 13. Nd3 Ne7 14. Nh4 Qc7 15. Bg4 Nf8 16. Qe2 Bd7 17. Qf2 b5 18. f5 Bxh2 19. fxe6 Bxe6 20. Bxe6+ Nxe6 21. Nf5 c4 22. Nxe7+ Rxe7 23. Nb4 Rd8 24. Qf5 Qd6 25. Nxd5 Qxd5 26. Qxd5 Rxd5 27. Kxh2 Ng5 28.
Rfe1 Ne4 29. Rab1 c3 30. Ba3 Red7 31. Bb4 Rh5+ 32. Kg1 Rdd5 33. Rbd1 Ng3 34. e4 Rdg5 35. d5 Rg4 36. d6 Rf4 0-1

[Variant "Standard"]
[Site "Europe Echecs"]

[Event "Championnat du monde jeunes U10"]
[Date "2024.11.17"]
[White "Nguyen Minh"]
[Black "Garcia Tanjala, Marko"]
[WhiteElo "1760"]
[BlackElo "1833"]
[Round "3.23"]
[Result "1-0"]
[TimeControl "5400+30"]

1. d4 Nf6 2. c4 e6 3. Nf3 b6 4. Nc3 Bb7 5. Bg5 Be7 6. e3 O-O 7. Bd3 d5 8. O-O Nbd7 9. Qe2 h6 10. Bxf6 Nxf6 11. e4 dxe4 12. Nxe4 c5 13. dxc5 Nxe4 14. Bxe4 Bxe4 15. Qxe4 bxc5 16. Rfd1 Qb6 17. Qe2 Bf6 18. Ne5 Rfd8 19. Rab1 Qc7 20. Nf3 Qf4 21. b3 e5 22. Nd2 Rd4 23. Nf1 Bg5 24. Qc2 Qe4 25. Qxe4 Rxe4 26. Ng3 Rd4 27. Ne2 Re4 28. Kf1 f5 29. Rd5 Rc8 30. Rbd1 Rc6 31. Rd6 Rc8 32. Rd7 Bf6 33. Rxa7 Rg4 34. a4 Rb8 35. f3 Rh4 36. Nc1 Rxh2 37. Kg1 Rh4 38. a5 Kh7 39. a6 e4 40. g3 Rh5 41. fxe4 fxe4 42. Rb7 Ra8 43. a7 Bd4+ 44. Kg2 Re5 45. Ne2 e3 46. b4 Ree8 47. b5 Kg8 48. b6 g5 49. g4 Kh8 50. Rf1 Be5 51. Rff7 Kg8 52. Rfe7 Kf8 53. Rxe5 Rxe5 54. Rb8+ Re8 55. Rxe8+ Kxe8 56. b7 1-0

[Variant "Standard"]
[Site "Europe Echecs"]

[Event "Championnat du monde jeunes U10"]
[Date "2024.11.17"]
[White "Aitmukhanov, Arsen"]
[Black "Zhang, Oscar Y"]
[WhiteElo "1579"]
[BlackElo "1817"]
[Round "3.24"]
[Result "1-0"]
[TimeControl "5400+30"]

1. e4 c5 2. Nf3 d6 3. Bb5+ Bd7 4. Bxd7+ Qxd7 5. O-O Nf6 6. Qe2 Nc6 7. c3 e6 8. d4 cxd4 9. cxd4 d5 10. e5 Ne4 11. Nbd2 Nxd2 12. Bxd2 Be7 13. g3 O-O 14. h4 Rac8 15. Kg2 Rc7 16. Qd3 Rfc8 17. a3 f6 18. exf6 gxf6 19. Rfe1 Bd6 20. Qe3 Re8 21. b4 Qg7 22. b5 Nd8 23. Bb4 Nf7 24. Qb3 Qg4 25. Rac1 Kh8 26. Bxd6 Rxc1 27. Rxc1 Nxd6 28. b6 a5 29. Qa4 Rg8 30. Qd7 Nf5 31. Rc8 Ne3+ 32. Kg1 Qh3 33. Rxg8+ Kxg8 34. Qd8+ Kf7 35. Qc7+ Kg6 36. fxe3 Qf5 37. Kg2 Qd3 38. h5+ Kxh5 39. Qf7+ Kg4 40. Qg8+ Kh5 41. Qf7+ Qg6 42. Qxe6 Qc2+ 43. Kh3 Qd3 44. Qxd5+ Kh6 45. Nh2 Qxe3 46. Ng4+ 1-0

[Variant "Standard"]
[Site "Europe Echecs"]

[Event "Championnat du monde jeunes U10"]
[Date "2024.11.17"]
[White "Larionov, Serghei"]
[Black "Annapureddy, Rheyansh Reddy"]
[WhiteElo "1720"]
[BlackElo "2122"]
[Round "3.25"]
[Result "1-0"]
[TimeControl "5400+30"]

1. d4 Nf6 2. c4 g6 3. Nc3 Bg7 4. e4 d6 5. Be2 O-O 6. Be3 e5 7. d5 Na6 8. g4 Nc5 9. f3 a5 10. h4 h5 11. g5 Nh7 12. Nh3 Bxh3 13. Rxh3 f6 14. gxf6 Bxf6 15. Bf2 Be7 16. Qd2 Rf4 17. O-O-O Bxh4 18. Be3 Bg5 19. Kb1 Rf8 20. Rg1 Bxe3 21. Qxe3 Rf4 22. Rxg6+ Kf7 23. Qg1 Qh8 24. Rh6 Rg8 25. Qf1 Qg7 26. R3xh5 Nf6 27. Rh1 Ncxe4 28. Nxe4 Nxe4 29. Qe1 Nf6 30. Qxa5 Ke8 31. Qa8+ Kd7 32. Qxb7 Rd4 33. c5 Qg1+ 34. Rxg1 Rxg1+ 35. Kc2 Rg2 36. c6+ Kd8 37. Qb8+ Ke7 38. Qxc7+ Ke8 39. Qc8+ 1-0

[Variant "Standard"]
[Site "Europe Echecs"]

[Event "Championnat du monde jeunes U10"]
[Date "2024.11.17"]
[White "Ilko-Toth, Andras"]
[Black "Sahin, Yusuf Kerem"]
[WhiteElo "2115"]
[BlackElo "1720"]
[Round "3.26"]
[Result "1-0"]
[TimeControl "5400+30"]

1. d4 Nf6 2. Nf3 e6 3. g3 b6 4. Bg2 Bb7 5. O-O Be7 6. c4 O-O 7. Nc3 Ne4 8. Nxe4 Bxe4 9. Nh4 Bxg2 10. Nxg2 d6 11. e4 Nd7 12. Ne3 e5 13. dxe5 dxe5 14. Qe2 c6 15. Rd1 Qc7 16. Nf5 Nc5 17. b3 Ne6 18. Bb2 Bf6 19. Qf3 Kh8 20. Rac1 Rad8 21. Ne3 Bg5 22. Qf5 Rd4 23. Bxd4 exd4 24. f4 g6 25. Qh3 Bxf4 26. gxf4 Nxf4 27. Qh6 Rg8 28. Ng4 Ne2+ 29. Kh1 Nxc1 30. Nf6 Rg7 31. Nxh7 f5 32. Nf6+ 1-0

[Variant "Standard"]
[Site "Europe Echecs"]

[Event "Championnat du monde jeunes U10"]
[Date "2024.11.17"]
[White "Schettini Acuna, Massimo Matteo"]
[Black "Zhang, Junyi"]
[WhiteElo "1703"]
[BlackElo "2061"]
[Round "3.27"]
[Result "0-1"]
[TimeControl "5400+30"]

1. e4 c5 2. Nf3 e6 3. d4 cxd4 4. Nxd4 Nf6 5. Nc3 Nc6 6. Ndb5 Bc5 7. Bf4 O-O 8. Bc7 Qe7 9. Bd6 Bxd6 10. Qxd6 Qd8 11. O-O-O a6 12. Nd4 Ne7 13. Nb3 b5 14. f3 Ne8 15. Qd2 Qb6 16. h4 Rb8 17. g4 d6 18. h5 b4 19. Nb1 a5 20. Qd4 Qc7 21. h6 e5 22. Qc4 Qxc4 23. Bxc4 a4 24. hxg7 Kxg7 25. N3d2 Nc7 26. Nf1 Rd8 27. Ne3 Be6 28. Rh5 Bxc4 29. Nxc4 Nb5 30. Rdh1 Rh8 31. f4 exf4 32. Nbd2 a3 33. bxa3 bxa3 34. R1h3 Nd4 35. Nxa3 Ne2+ 36. Kd1 Ng3 37. Rb5 Rxb5 38. Nxb5 d5 39. Nd6 Rd8 40. Nf5+ Nexf5 41. exf5 Ra8 42. Nf3 Rxa2 43.
Ng5 h6 44. Nf3 Ra1+ 45. Kd2 Ra3 46.
Ng1 Re3 47. Kd1 d4 48. Ne2 Nxe2 49.
Rxe3 dxe3 50. Kxe2 Kf6 51. Kf3 Ke5 52. c3 f6 53. c4 Kd4 54. c5 Kxc5 55. g5 hxg5 56. Ke2 Kd4 57. Kf1 Kd3 58. Ke1 e2 59. Kf2 Kd2 60. Kf3 e1=Q 61. Kg4 Qh4+ 62. Kf3 Qg3+ 63. Ke4 Qd3# 0-1

[Variant "Standard"]
[Site "Europe Echecs"]

[Event "Championnat du monde jeunes U10"]
[Date "2024.11.17"]
[White "Chen, Chicheng Leon"]
[Black "Aguike, Toshiya"]
[WhiteElo "1987"]
[BlackElo "1716"]
[Round "3.28"]
[Result "0-1"]
[TimeControl "5400+30"]

1. e4 e5 2. Nf3 Nc6 3. Bc4 Nf6 4. d3 Bc5 5. c3 a6 6. a4 d6 7. Nbd2 Ba7 8. O-O h6 9. Re1 g5 10. Nf1 g4 11. N3d2 h5 12. Nb3 h4 13. Bg5 Rh5 14. Qd2 h3 15. Ng3 Rh7 16. d4 hxg2 17. Kxg2 Kf8 18. Rf1 Kg7 19. f4 Qh8 20. Bxf6+ Kxf6 21. fxe5+ Ke7 22. exd6+ cxd6 23. Kg1 Ne5 24. Be2 Rxh2 25. Qg5+ Ke8 26. Rf6 Qh3 27. Qg8+ Ke7 28. Nf5+ Bxf5 29. Rxf7+ Nxf7 0-1

[Variant "Standard"]
[Site "Europe Echecs"]

[Event "Championnat du monde jeunes U10"]
[Date "2024.11.17"]
[White "Chakhalov, Mikael"]
[Black "Tenuun, Tseesuren"]
[WhiteElo "1962"]
[BlackElo "1702"]
[Round "3.29"]
[Result "1-0"]
[TimeControl "5400+30"]

1. c4 e5 2. g3 Nc6 3. Bg2 Nf6 4. Nc3 Bc5 5. e3 d6 6. Nge2 O-O 7. d4 exd4 8. exd4 Bb4 9. O-O Bxc3 10. bxc3 Ne7 11. Bg5 Bg4 12. Bxf6 gxf6 13. h3 Bh5 14. g4 Bg6 15. Bxb7 Rb8 16. Bg2 Rb2 17. f4 Bc2 18. Qc1 Qb8 19. Rf2 Bd3 20. Ng3 Rxf2 21. Kxf2 Ng6 22. f5 Nf4 23. Ke3 Nxg2+ 24. Kxd3 Qb7 25. Ne4 Kg7 26. Qd2 Nh4 27. Qf2 Re8 28. d5 Qa6 29. Re1 Re5 30. Qxh4 Rxd5+ 31. Ke3 Qb6+ 32. Kf4 Re5 33.
Qxf6+ Kf8 34. c5 Qb2 35. cxd6 Qh2+ 36.
Kg5 cxd6 37. Qxd6+ Kg7 38. Qh6+ Kg8 39. Nf6+ Kh8 40. Qxh7# 1-0

[Variant "Standard"]
[Site "Europe Echecs"]

[Event "Championnat du monde jeunes U10"]
[Date "2024.11.17"]
[White "DAmato, Raffaele"]
[Black "Ejsymont, Eryk"]
[WhiteElo "1695"]
[BlackElo "1910"]
[Round "3.30"]
[Result "1/2-1/2"]
[TimeControl "5400+30"]

1. d4 Nf6 2. Nf3 d5 3. e3 c5 4. b3 e6 5. Bd3 Nbd7 6. Nbd2 Bd6 7. O-O O-O 8. Bb2 b6 9. Ne5 Bb7 10. f3 Qc7 11. f4 Ne4 12. Bxe4 dxe4 13. Ndc4 f6 14. Nxd7 Rfd8 15. Nxd6 Qxd6 16. Nxf6+ gxf6 17. Qg4+ Kf7 18. dxc5 Qxc5 19. Bd4 Qf5 20. Qxf5 exf5 21. c4 Rd7 22. Kf2 h5 23. Rad1 Ba6 24. a4 Rc8 25. Bb2 Rcd8 26. Rxd7+ Rxd7 27. Bd4 Ke6 28. Rd1 Rd8 29. Rd2 Bb7 30. Bc3 Rd3 31. Rxd3 exd3 32. g3 Be4 33. h4 d2 34. Bxd2 Bc2 35. b4 Bxa4 36. Ke2 Bc2 37. Bc3 Be4 38. Kd2 Bb1 39. b5 Be4 40. Bd4 Bg2 41. Kc3 Bb7 42. Kb4 Bc8 43. c5 bxc5+ 44. Kxc5 a6 45. bxa6 1/2-1/2

[Variant "Standard"]
[Site "Europe Echecs"]

[Event "Championnat du monde jeunes U10"]
[Date "2024.11.17"]
[White "Mutyalapati, Modith Aaroh"]
[Black "Skouroupathis, Kyriakos"]
[WhiteElo "1893"]
[BlackElo "1695"]
[Round "3.31"]
[Result "1-0"]
[TimeControl "5400+30"]

1. e4 d6 2. d4 Nf6 3. Nc3 g6 4. Nge2 Bg7 5. g3 O-O 6. Bg2 Nbd7 7. O-O e5 8. d5 a5 9. f4 Re8 10. f5 Nb6 11. Bg5 Rf8 12. Qc1 Bd7 13. Kh1 Qe8 14. g4 Bb5 15. Bxf6 Bxf6 16. g5 Bd8 17. Nxb5 Qxb5 18. Ng3 a4 19. Rf3 Nc4 20. b3 axb3 21. cxb3 Na3 22. Nf1 Qb4 23. Rh3 Qd4 24. f6 Qf2 25. Rf3 Qh4 26. Rg3 Ra6 27. Ne3 Qf4 28. Qe1 c5 29. Qe2 Ba5 30. Rg4 Bc3 31. Rf1 Raa8 1-0

[Variant "Standard"]
[Site "Europe Echecs"]